 Dungeon Crawl Stone Soup version 0.21.1-1-g345015f (webtiles) character file.

61 LWSS the Skirmisher (level 3, -1/30 HPs)
             Began as a Demonspawn Abyssal Knight on July 15, 2018.
             Was a Follower of Lugonu.
             Slain by an adder (2 damage)
             ... on level 2 of the Dungeon.
             The game lasted 00:03:37 (1995 turns).

LWSS the Skirmisher (Demonspawn Abyssal Knight)     Turns: 1995, Time: 00:03:37

Health: -1/30      AC:  3    Str: 13    XL:     3   Next: 83%
Magic:  5/5        EV: 11    Int: 13    God:    Lugonu [*.....]
Gold:   45         SH:  0    Dex: 12    Spells: 2/2 levels left

rFire    . . .     SeeInvis .   a - +1 mace
rCold    . . .     Gourm    .   (no shield)
rNeg     . . .     Faith    .   b - +0 leather armour
rPois    .         Spirit   .   (no helmet)
rElec    .         Reflect  .   (no cloak)
rCorr    .         Harm     .   (no gloves)
MR       .....                  (no boots)
Stlth    +.........             (no amulet)
HPRegen  0.10/turn              (no ring)
MPRegen  0.09/turn              (no ring)

@: lethally poisoned (-1 -> -4)
A: rot immunity
a: Depart the Abyss, Renounce Religion


You were on level 2 of the Dungeon.
You worshipped Lugonu.
Lugonu was aware of your devotion.
You were not hungry.

You visited 1 branch of the dungeon, and saw 2 of its levels.
You visited the Abyss 1 time.

You collected 45 gold pieces.

Inventory:

Hand Weapons
 a - a +1 mace (weapon)
Armour
 b - a +0 leather armour (worn)
Jewellery
 i - a +4 ring of protection {unknown}
Scrolls
 d - a scroll of blinking {unknown}
 e - 2 scrolls of amnesia {unknown}
 g - a scroll of fog {unknown}
 h - a scroll of teleportation
 j - a scroll of fear {unknown}
Potions
 f - a potion of ambrosia {unknown}
 k - a potion of degeneration {unknown}
 l - a potion of haste {unknown}
Comestibles
 c - a ration


   Skills:
 + Level 3.6 Fighting
 + Level 2.5 Maces & Flails
 + Level 2.3 Armour
 + Level 1.1 Dodging
 + Level 2.8 Invocations


You had 2 spell levels left.
You didn't know any spells.

Dungeon Overview and Level Annotations

Branches:
Dungeon (2/15)

Altars:
Cheibriados
Okawaru


Innate Abilities, Weirdness & Mutations

You are immune to rotting.


Message History

You closely miss the goblin.
You feel sick. The goblin barely misses you. The adder barely misses you.
The adder bites you.
* * * LOW HITPOINT WARNING * * *
You hit the goblin.
You kill the goblin!
Lugonu accepts your kill. The adder bites you but does no damage.
You closely miss the adder.
* * * LOW HITPOINT WARNING * * *
You feel sick. The adder bites you.
* * * LOW HITPOINT WARNING * * *
The adder misses you.
You hit the adder.
The adder is moderately wounded.
The adder barely misses you. The adder completely misses you.
You hit the adder.
The adder is severely wounded.
* * * LOW HITPOINT WARNING * * *
You feel sick. The adder bites you.
You die...

#... .....#
#.....#...###
#...#.......#
#....._.....##
#............##
#......8...).#.
#.)?.......... ##
#..@S...._..# ####.
#...(.......####....
#....(.....###......
#.....(..........###
#......(..#....##...
#.......()..........
##.......##.#####...
#.........#..####...
#.........##........


You could see an adder.

Vanquished Creatures
  A gnoll (D:1)
  A worm (D:2)
  2 dart slugs (D:1)
  A leopard gecko (D:1)
  2 giant cockroaches (D:1)
  5 goblins
  5 hobgoblins
  6 jackals (D:1)
  7 bats
  3 frilled lizards (D:1)
  5 kobolds
  A rat (D:1)
39 creatures vanquished.

Notes
Turn   | Place    | Note
-------+----------+-------------------------------------------
     0 | Abyss:1  | LWSS the Demonspawn Abyssal Knight began the quest for the Orb.
     0 | Abyss:1  | Reached XP level 1. HP: 18/18 MP: 2/2
    33 | Abyss:1  | Noticed a smoke demon
    41 | Abyss:1  | Noticed a ynoxinul
    45 | Abyss:1  | Noticed a small abomination
    60 | D:1      | Escaped the Abyss
   408 | D:1      | Reached * piety under Lugonu
   586 | D:1      | Gained mutation: You are immune to rotting. [demonic ancestry]
   586 | D:1      | Reached XP level 2. HP: 24/24 MP: 4/4
   605 | D:1      | Reached skill level 1 in Dodging
  1243 | D:1      | Reached XP level 3. HP: 27/29 MP: 5/5
  1972 | D:2      | Found an iron altar of Okawaru.
  1984 | D:2      | Found a snail-covered altar of Cheibriados.
  1995 | D:2      | HP: 1/30 [poisoned by an adder]
  1995 | D:2      | Slain by an adder

Skill      XL: |  1  2 |
---------------+-------+-----
Dodging        | 1 |  1.1
Maces & Flails | 2 |  2.5
Armour         | 2 |  2.3
Fighting       | |  3.6
Invocations    | |  2.8

Action                   || total
-------------------------++-------
Melee: Mace              ||   139
Invok: Depart the Abyss  ||     1
  Use: Scroll            ||     1
       Potion            ||     1
  Eat: Ration            ||     1
       Chunk             ||     1
Armor: Leather armour    ||    63
Dodge: Dodged            ||   120
